3AAA
WILMINGTON BAY HAWKS @ SUNSET DISTRICT FOG
07/26/2021
 
TOP OF THE 1ST
Wilmington Bay Hawks batting - Pitching for Sunset District Fog : LHP José Castaneda
Pitching: LHP José Castaneda
Batting: LHB Jim Unknown 0-0: Fly out, F9 (Flyball, 89M)
Batting: RHB Lindsay Stewart 0-0: Bunted foul
0-1: Ball
1-1: Called Strike
1-2: Ball
2-2: Foul Ball, location: 2F
2-2: Strikes out swinging
Batting: RHB Randolph Davis 0-0: Ball
1-0: Foul Ball, location: 2F
1-1: Ball
2-1: Foul Ball, location: 2F
2-2: Ground out 5-3 (Groundball, 56)
Top of the 1st over - 0 run(s), 0 hit(s), 0 error(s), 0 left on base; Wilmington 0 - Sunset District 0
BOTTOM OF THE 1ST
Sunset District Fog batting - Pitching for Wilmington Bay Hawks : RHP Jim Unknown
Pitching: RHP Jim Unknown
Batting: RHB Manuel Rodríguez 0-0: Ball
1-0: Ball
2-0: Bunted foul
2-1: Foul Ball, location: 2F
2-2: Fly out, F9 (Flyball, 9M)
Batting: RHB Francisco Torres 0-0: SINGLE (Groundball, 56D)
Batting: SHB Al Anderson 0-0: Called Strike
Francisco Torres is caught stealing 2nd base
0-1: Swinging Strike
0-2: Strikes out swinging
Bottom of the 1st over - 0 run(s), 1 hit(s), 0 error(s), 0 left on base; Wilmington 0 - Sunset District 0
TOP OF THE 2ND
Wilmington Bay Hawks batting - Pitching for Sunset District Fog : LHP José Castaneda
Batting: LHB Denny Young 0-0: Swinging Strike
0-1: Ball
1-1: Called Strike
1-2: Foul Ball, location: 2F
1-2: Foul Ball, location: 2F
1-2: Ball
2-2: SINGLE (Groundball, 34D)
Batting: SHB Felipe González 0-0: Ball
1-0: Foul Ball, location: 2F
1-1: Called Strike
1-2: Foul Ball, location: 2F
1-2: Strikes out swinging
Batting: SHB José Martínez 0-0: Called Strike
0-1: Ball
1-1: Ball
2-1: Swinging Strike
2-2: Fly out, F8 (Line Drive, 8LM)
Batting: SHB Shawn Sánchez 0-0: Ball
1-0: Ball
2-0: Fly out, F8 (Flyball, 8RM)
Top of the 2nd over - 0 run(s), 1 hit(s), 0 error(s), 1 left on base; Wilmington 0 - Sunset District 0
BOTTOM OF THE 2ND
Sunset District Fog batting - Pitching for Wilmington Bay Hawks : RHP Jim Unknown
Batting: LHB Todd Henry 0-0: Called Strike
0-1: Called Strike
0-2: Ball
1-2: Ball
2-2: Strikes out swinging
Batting: RHB Luis Silva 0-0: Foul Ball, location: 2F
0-1: Ball
1-1: Foul Ball, location: 2F
1-2: Ground out 5-3 (Groundball, 5)
Batting: LHB Randy Daugherty 0-0: Swinging Strike
0-1: Ground out U3 (Groundball, 3)
Bottom of the 2nd over - 0 run(s), 0 hit(s), 0 error(s), 0 left on base; Wilmington 0 - Sunset District 0
TOP OF THE 3RD
Wilmington Bay Hawks batting - Pitching for Sunset District Fog : LHP José Castaneda
Batting: RHB Jim Unknown 0-0: Foul Ball, location: 2F
0-1: Ball
1-1: Ball
2-1: Ground out 5-3 (Groundball, 5L)
Batting: LHB En-lai Gao 0-0: Ball
1-0: Foul Ball, location: 2F
1-1: Ball
2-1: Fly out, F8 (Popup, 6MD)
Batting: LHB Jim Unknown 0-0: Called Strike
0-1: Ground out 4-3 (Groundball, 4)
Top of the 3rd over - 0 run(s), 0 hit(s), 0 error(s), 0 left on base; Wilmington 0 - Sunset District 0
BOTTOM OF THE 3RD
Sunset District Fog batting - Pitching for Wilmington Bay Hawks : RHP Jim Unknown
Batting: RHB Rafael Najcrea 0-0: Called Strike
0-1: Foul Ball, location: 2F
0-2: Ball
1-2: Fly out, F5 (Line Drive, 56)
Batting: LHB Jesús Quintanilla 0-0: Called Strike
0-1: Called Strike
0-2: Strikes out swinging
Batting: RHB Jim Allen 0-0: Called Strike
0-1: Ball
1-1: Foul Ball, location: 2F
1-2: Ball
2-2: Ball
3-2: Base on Balls
Batting: RHB Manuel Rodríguez 0-0: Ball
1-0: Ball
2-0: Fly out, F9 (Flyball, 89M)
Bottom of the 3rd over - 0 run(s), 0 hit(s), 0 error(s), 1 left on base; Wilmington 0 - Sunset District 0
TOP OF THE 4TH
Wilmington Bay Hawks batting - Pitching for Sunset District Fog : LHP José Castaneda
Batting: RHB Lindsay Stewart 0-0: Ground out 5-3 (Groundball, 56S)
Batting: RHB Randolph Davis 0-0: Ball
1-0: Ball
2-0: Called Strike
2-1: Called Strike
2-2: Foul Ball, location: 2F
2-2: Ball
3-2: Base on Balls
Batting: LHB Denny Young 0-0: Ball
1-0: Ball
2-0: Grounds into double play, 4-6-3 (Groundball, 4)
Top of the 4th over - 0 run(s), 0 hit(s), 0 error(s), 0 left on base; Wilmington 0 - Sunset District 0
BOTTOM OF THE 4TH
Sunset District Fog batting - Pitching for Wilmington Bay Hawks : RHP Jim Unknown
Batting: RHB Francisco Torres 0-0: Swinging Strike
0-1: Called Strike
0-2: Ground out 5-3 (Groundball, 5L)
Batting: SHB Al Anderson 0-0: Called Strike
0-1: Foul Ball, location: 2F
0-2: Ball
1-2: Foul Ball, location: 2F
1-2: Foul Ball, location: 2F
1-2: Fly out, F8 (Flyball, 8LS)
Batting: LHB Todd Henry 0-0: DOUBLE (Line Drive, 89XD)
Batting: RHB Luis Silva 0-0: Fly out, F6 (Line Drive, 6)
Bottom of the 4th over - 0 run(s), 1 hit(s), 0 error(s), 1 left on base; Wilmington 0 - Sunset District 0
TOP OF THE 5TH
Wilmington Bay Hawks batting - Pitching for Sunset District Fog : LHP José Castaneda
Batting: SHB Felipe González 0-0: Swinging Strike
0-1: Swinging Strike
0-2: Fly out, F9 (Flyball, 89D)
Batting: SHB José Martínez 0-0: Swinging Strike
0-1: Ball
1-1: Ball
2-1: Foul Ball, location: 2F
2-2: Ball
3-2: Foul Ball, location: 2F
3-2: SOLO HOME RUN (Flyball, 7D), Distance : 387 ft
Batting: SHB Shawn Sánchez 0-0: Ball
1-0: Called Strike
1-1: Fly out, F3 (Popup, 3F)
Batting: RHB Jim Unknown 0-0: Ball
1-0: Foul Ball, location: 2F
1-1: Swinging Strike
1-2: Strikes out swinging
Top of the 5th over - 1 run(s), 1 hit(s), 0 error(s), 0 left on base; Wilmington 1 - Sunset District 0
BOTTOM OF THE 5TH
Sunset District Fog batting - Pitching for Wilmington Bay Hawks : RHP Jim Unknown
Batting: LHB Randy Daugherty 0-0: Ball
1-0: Ball
2-0: DOUBLE (Groundball, 3L)
Batting: RHB Rafael Najcrea 0-0: Foul Ball, location: 2F
0-1: Ball
1-1: Ball
2-1: Bunt missed!
2-2: Foul Ball, location: 2F
2-2: Foul Ball, location: 2F
2-2: Ball
3-2: SINGLE (Groundball, 6)
Randy Daugherty to third
Batting: LHB Jesús Quintanilla 0-0: Fly out, F9 (Flyball, 89M)
Batting: RHB Jim Allen 0-0: Ball
Rafael Najcrea is caught stealing 2nd base
1-0: Ground out 6-3 (Groundball, 6)
Bottom of the 5th over - 0 run(s), 2 hit(s), 0 error(s), 1 left on base; Wilmington 1 - Sunset District 0
TOP OF THE 6TH
Wilmington Bay Hawks batting - Pitching for Sunset District Fog : LHP José Castaneda
Batting: LHB En-lai Gao 0-0: Called Strike
0-1: Ball
1-1: Ball
2-1: Foul Ball, location: 2F
2-2: Ground out 1-3 (Groundball, 13S)
Batting: LHB Jim Unknown 0-0: Ball
1-0: Foul Ball, location: 2F
1-1: Ball
2-1: Ball
3-1: Foul Ball, location: 2F
3-2: SINGLE (Groundball, 2R) (infield hit)
Batting: RHB Lindsay Stewart 0-0: Ball
1-0: Foul Ball, location: 2F
1-1: Foul Ball, location: 2F
1-2: Fly out, F8 (Flyball, 8LD)
Batting: RHB Randolph Davis 0-0: Ball
1-0: Swinging Strike
1-1: SINGLE (Flyball, 89S)
Jim Unknown to second
Runner from 2nd tries for 3rd, SAFE, throw made to third
Batting: LHB Denny Young 0-0: Foul Ball, location: 2F
0-1: Ball
1-1: Foul Ball, location: 2F
1-2: Ball
2-2: Ball
3-2: Strikes out swinging
Top of the 6th over - 0 run(s), 2 hit(s), 0 error(s), 2 left on base; Wilmington 1 - Sunset District 0
BOTTOM OF THE 6TH
Sunset District Fog batting - Pitching for Wilmington Bay Hawks : RHP Jim Unknown
Batting: RHB Manuel Rodríguez 0-0: Ball
1-0: SINGLE (Groundball, 34S) (infield hit)
Batting: RHB Francisco Torres 0-0: Sac Bunt - play at first, batter OUT! 3-4
Manuel Rodríguez to second
Batting: SHB Al Anderson 0-0: Called Strike
0-1: Ball
1-1: Swinging Strike
1-2: Ball
2-2: Strikes out swinging
Batting: LHB Todd Henry 0-0: Foul Ball, location: 2F
0-1: Ball
1-1: Foul Ball, location: 2F
1-2: Foul Ball, location: 2F
1-2: Ball
2-2: Ball
3-2: SINGLE (Line Drive, 89S)
Manuel Rodríguez to third
Manuel Rodríguez scores
Batting: RHB Luis Silva 0-0: Called Strike
0-1: Swinging Strike
0-2: Ball
1-2: Foul Ball, location: 2F
1-2: Ball
2-2: DOUBLE (Line Drive, 9LS)
Todd Henry to third
Runner from 3rd tries for Home, SAFE, throw made home
Batting: LHB Randy Daugherty 0-0: Ball
1-0: Ball
2-0: Ball
3-0: Called Strike
3-1: Foul Ball, location: 2F
3-2: Foul Ball, location: 2F
3-2: Base on Balls
Batting: RHB Rafael Najcrea 0-0: Called Strike
0-1: Swinging Strike
0-2: SINGLE (Line Drive, 34D)
Luis Silva to third
Randy Daugherty to second
Batting: LHB Jesús Quintanilla 0-0: Called Strike
0-1: Foul Ball, location: 2F
0-2: Foul Ball, location: 2F
0-2: SINGLE (Line Drive, 9S)
Luis Silva scores
Randy Daugherty to third
Rafael Najcrea to second
Batting: RHB Jim Allen 0-0: Swinging Strike
0-1: Foul Ball, location: 2F
0-2: Foul Ball, location: 2F
0-2: Ball
1-2: Ground out 5-3 (Groundball, 56S)
Bottom of the 6th over - 3 run(s), 5 hit(s), 0 error(s), 3 left on base; Wilmington 1 - Sunset District 3
TOP OF THE 7TH
Wilmington Bay Hawks batting - Pitching for Sunset District Fog : LHP José Castaneda
Batting: SHB Felipe González 0-0: Called Strike
0-1: Ground out 5-3 (Groundball, 5)
Pitching: LHP Denver Johnston
Batting: SHB José Martínez 0-0: Called Strike
0-1: Foul Ball, location: 2F
0-2: Ball
1-2: Ball
2-2: Ground out 6-3 (Groundball, 6)
Batting: SHB Shawn Sánchez 0-0: Ball
1-0: Ball
2-0: Called Strike
2-1: Ball
3-1: Foul Ball, location: 2F
3-2: Strikes out swinging
Top of the 7th over - 0 run(s), 0 hit(s), 0 error(s), 0 left on base; Wilmington 1 - Sunset District 3
BOTTOM OF THE 7TH
Sunset District Fog batting - Pitching for Wilmington Bay Hawks : RHP Jim Unknown
Batting: RHB Manuel Rodríguez 0-0: Ball
1-0: Foul Ball, location: 2F
1-1: Ball
2-1: Ground out 6-3 (Groundball, 6)
Batting: RHB Francisco Torres 0-0: Ball
1-0: Ball
2-0: Swinging Strike
2-1: Foul Ball, location: 2F
2-2: Foul Ball, location: 2F
2-2: SINGLE (Line Drive, 4MD)
Batting: SHB Al Anderson 0-0: Ball
1-0: Grounds out, U3 (Groundball, 3L)
Batting: LHB Todd Henry 0-0: Ball
1-0: Ball
2-0: Ball
3-0: Called Strike
3-1: Base on Balls
Batting: RHB Luis Silva 0-0: Swinging Strike
0-1: Ball
1-1: Ball
2-1: Ball
3-1: Base on Balls
Francisco Torres to third
Todd Henry to second
Pitching: LHP Jim Unknown
Batting: LHB Randy Daugherty 0-0: Called Strike
0-1: Swinging Strike
0-2: Ball
1-2: Strikes out swinging
Bottom of the 7th over - 0 run(s), 1 hit(s), 0 error(s), 3 left on base; Wilmington 1 - Sunset District 3
TOP OF THE 8TH
Wilmington Bay Hawks batting - Pitching for Sunset District Fog : LHP Denver Johnston
Batting: RHB Jim Unknown 0-0: Ball
1-0: Ball
2-0: Ball
3-0: Base on Balls
Batting: LHB En-lai Gao 0-0: 2-RUN HOME RUN (Flyball, 9D), Distance : 410 ft
Batting: LHB Jim Unknown 0-0: Ball
1-0: Called Strike
1-1: Called Strike
1-2: Ball
2-2: Ball
3-2: Base on Balls
Batting: RHB Lindsay Stewart 0-0: Bunted foul
0-1: Ball
1-1: Sac Bunt - play at first, batter OUT! 2-4
Jim Unknown to second
Batting: RHB Randolph Davis 0-0: Intentional Walk
Batting: LHB Denny Young 0-0: Swinging Strike
0-1: Called Strike
0-2: Strikes out swinging
Batting: SHB Felipe González 0-0: Ball
1-0: Ball
2-0: Swinging Strike
2-1: Foul Ball, location: 2F
2-2: Ball
3-2: Strikes out swinging
Top of the 8th over - 2 run(s), 1 hit(s), 0 error(s), 2 left on base; Wilmington 3 - Sunset District 3
BOTTOM OF THE 8TH
Sunset District Fog batting - Pitching for Wilmington Bay Hawks : LHP Jim Unknown
Batting: RHB Rafael Najcrea 0-0: Ground out U3 (Groundball, 3S)
Pinch Hitting: RHB Cal Jackson 0-0: Ball
Single, Error in OF, E9, batter to second base
Batting: RHB Jim Allen 0-0: Ball
1-0: Foul Ball, location: 2F
1-1: Ball
2-1: Ball
3-1: Foul Ball, location: 2F
3-2: Foul Ball, location: 2F
3-2: Foul Ball, location: 2F
3-2: Foul Ball, location: 2F
3-2: Foul Ball, location: 2F
3-2: SINGLE (Line Drive, 56D)
Cal Jackson to third
Batting: RHB Manuel Rodríguez 0-0: Called Strike
0-1: Ball
1-1: Grounds into double play, U4-3 (Groundball, 4)
Bottom of the 8th over - 0 run(s), 2 hit(s), 1 error(s), 1 left on base; Wilmington 3 - Sunset District 3
TOP OF THE 9TH
Wilmington Bay Hawks batting - Pitching for Sunset District Fog : LHP Denver Johnston
Pitching: RHP Jeff Wright
Now in LF: Cal Jackson
Batting: SHB José Martínez 0-0: Called Strike
0-1: Swinging Strike
0-2: Foul Ball, location: 2F
0-2: Ball
1-2: Foul Ball, location: 2F
1-2: Ground out 6-3 (Groundball, 6MS)
Batting: SHB Shawn Sánchez 0-0: Foul Ball, location: 2F
0-1: Ball
1-1: Ball
2-1: Ball
3-1: Fly out, F9 (Flyball, 89M)
Batting: RHB Jim Unknown 0-0: Ball
1-0: Swinging Strike
1-1: Foul Ball, location: 2F
1-2: Ball
2-2: Ground out 5-3 (Groundball, 5L)
Top of the 9th over - 0 run(s), 0 hit(s), 0 error(s), 0 left on base; Wilmington 3 - Sunset District 3
BOTTOM OF THE 9TH
Sunset District Fog batting - Pitching for Wilmington Bay Hawks : LHP Jim Unknown
Pitching: LHP Jim Unknown
Batting: RHB Francisco Torres 0-0: Fly out, F7 (Flyball, 78M)
Batting: SHB Al Anderson 0-0: Ball
1-0: Called Strike
1-1: Ball
2-1: Foul Ball, location: 2F
2-2: Foul Ball, location: 2F
2-2: Fly out, F7 (Flyball, 7D)
Batting: LHB Todd Henry 0-0: Called Strike
0-1: Called Strike
0-2: Strikes out swinging
Bottom of the 9th over - 0 run(s), 0 hit(s), 0 error(s), 0 left on base; Wilmington 3 - Sunset District 3
TOP OF THE 10TH
Wilmington Bay Hawks batting - Pitching for Sunset District Fog : RHP Jeff Wright
Batting: LHB En-lai Gao 0-0: Called Strike
0-1: Swinging Strike
0-2: Foul Ball, location: 2F
0-2: Ball
1-2: Foul Ball, location: 2F
1-2: Ball
2-2: Foul Ball, location: 2F
2-2: Ball
3-2: Strikes out swinging
Pinch Hitting: LHB Edgardo Téllez 0-0: Foul Ball, location: 2F
0-1: Ball
1-1: Foul Ball, location: 2F
1-2: Ball
2-2: Ground out 1-3 (Groundball, 56S)
Batting: RHB Lindsay Stewart 0-0: Ball
1-0: Ball
2-0: Ball
3-0: Called Strike
3-1: Called Strike
3-2: Foul Ball, location: 2F
3-2: Base on Balls
Batting: RHB Randolph Davis 0-0: Ball
Lindsay Stewart steals 2nd base
1-0: Ball
2-0: Ground out 6-3 (Groundball, 6)
Top of the 10th over - 0 run(s), 0 hit(s), 0 error(s), 1 left on base; Wilmington 3 - Sunset District 3
BOTTOM OF THE 10TH
Sunset District Fog batting - Pitching for Wilmington Bay Hawks : LHP Jim Unknown
Now at C: Jim Unknown
Batting: RHB Luis Silva 0-0: Called Strike
0-1: Foul Ball, location: 2F
0-2: Foul Ball, location: 2F
0-2: Foul Ball, location: 2F
0-2: Ball
1-2: Strikes out looking
Batting: LHB Randy Daugherty 0-0: Ball
1-0: Fly out, F4 (Line Drive, 4)
Batting: RHB Rafael Najcrea 0-0: Called Strike
0-1: Ball
1-1: Ball
2-1: Ball
3-1: Swinging Strike
3-2: Strikes out swinging
Bottom of the 10th over - 0 run(s), 0 hit(s), 0 error(s), 0 left on base; Wilmington 3 - Sunset District 3
TOP OF THE 11TH
Wilmington Bay Hawks batting - Pitching for Sunset District Fog : RHP Jeff Wright
Batting: LHB Denny Young 0-0: Ground out 4-3 (Groundball, 4)
Batting: SHB Felipe González 0-0: Foul Ball, location: 2F
0-1: Fly out, F3 (Popup, 23F)
Batting: SHB José Martínez 0-0: Ball
1-0: Foul Ball, location: 2F
1-1: Called Strike
1-2: Strikes out swinging
Top of the 11th over - 0 run(s), 0 hit(s), 0 error(s), 0 left on base; Wilmington 3 - Sunset District 3
BOTTOM OF THE 11TH
Sunset District Fog batting - Pitching for Wilmington Bay Hawks : LHP Jim Unknown
Pitching: LHP Jim Unknown
Batting: RHB Cal Jackson 0-0: Swinging Strike
0-1: Foul Ball, location: 2F
0-2: Ball
1-2: Foul Ball, location: 2F
1-2: Ball
2-2: Ball
3-2: Strikes out swinging
Batting: RHB Jim Allen 0-0: Ball
1-0: Ground out 6-3 (Groundball, 6)
Batting: RHB Manuel Rodríguez 0-0: Ball
1-0: Called Strike
1-1: SINGLE (Line Drive, 34D)
Batting: RHB Francisco Torres 0-0: Ball
Wild Pitch!
Manuel Rodríguez to second
1-0: Ground out 5-3 (Groundball, 56)
Bottom of the 11th over - 0 run(s), 1 hit(s), 0 error(s), 1 left on base; Wilmington 3 - Sunset District 3
TOP OF THE 12TH
Wilmington Bay Hawks batting - Pitching for Sunset District Fog : RHP Jeff Wright
Batting: SHB Shawn Sánchez 0-0: Ball
1-0: Foul Ball, location: 2F
1-1: Swinging Strike
1-2: Ground out U3 (Groundball, 3L)
Batting: RHB Jim Unknown 0-0: DOUBLE (Line Drive, 78D)
Batting: LHB En-lai Gao 0-0: Intentional Walk
Pitching: LHP Gilbert Morris
Batting: RHB Jim Unknown 0-0: Called Strike
0-1: Foul Ball, location: 2F
0-2: Ball
1-2: Foul Ball, location: 2F
1-2: Strikes out looking
Batting: RHB Lindsay Stewart 0-0: Ball
1-0: Fly out, F8 (Flyball, 8RS)
Top of the 12th over - 0 run(s), 1 hit(s), 0 error(s), 2 left on base; Wilmington 3 - Sunset District 3
BOTTOM OF THE 12TH
Sunset District Fog batting - Pitching for Wilmington Bay Hawks : LHP Jim Unknown
Batting: SHB Al Anderson 0-0: Called Strike
0-1: Ball
1-1: Ball
2-1: Ground out 5-3 (Groundball, 5L)
Batting: LHB Todd Henry 0-0: Ball
1-0: Ball
2-0: Ground out 4-3 (Groundball, 4)
Batting: RHB Luis Silva 0-0: Ball
1-0: Called Strike
1-1: Swinging Strike
1-2: Ball
2-2: Ball
3-2: Strikes out swinging
Bottom of the 12th over - 0 run(s), 0 hit(s), 0 error(s), 0 left on base; Wilmington 3 - Sunset District 3
TOP OF THE 13TH
Wilmington Bay Hawks batting - Pitching for Sunset District Fog : LHP Gilbert Morris
Batting: RHB Randolph Davis 0-0: Ball
1-0: Fly out, F7 (Flyball, 7M)
Batting: LHB Denny Young 0-0: Ball
1-0: SINGLE (Flyball, 78S)
Batting: SHB Felipe González 0-0: Swinging Strike
0-1: Ball
Wild Pitch!
Denny Young to second
1-1: Intentional Walk
Batting: SHB José Martínez 0-0: SINGLE (Groundball, 56D)
Denny Young to third
Felipe González to second
Runner from 3rd tries for Home, SAFE, throw made home
Felipe González to third
José Martínez to second
Now in LF: Michael Hart
Batting: SHB Shawn Sánchez 0-0: SINGLE (Groundball, 56)
Felipe González scores
José Martínez to third
Runner from 3rd tries for Home, SAFE, throw made home
Shawn Sánchez to second
Pitching: RHP Raúl Andrés
Batting: RHB Jim Unknown 0-0: Ball
1-0: Ball
Shawn Sánchez is caught stealing 3rd base
2-0: Swinging Strike
2-1: Foul Ball, location: 2F
2-2: Ball
3-2: Base on Balls
Batting: LHB En-lai Gao 0-0: Called Strike
0-1: Ball
1-1: Ball
2-1: Ball
3-1: Foul Ball, location: 2F
3-2: Base on Balls
Jim Unknown to second
Batting: RHB Jim Unknown 0-0: Ball
1-0: Foul Ball, location: 2F
1-1: Ball
2-1: Called Strike
2-2: Ground out 6-3 (Groundball, 6S)
Top of the 13th over - 3 run(s), 3 hit(s), 0 error(s), 2 left on base; Wilmington 6 - Sunset District 3
BOTTOM OF THE 13TH
Sunset District Fog batting - Pitching for Wilmington Bay Hawks : LHP Jim Unknown
Batting: LHB Randy Daugherty 0-0: Ball
1-0: Swinging Strike
1-1: Foul Ball, location: 2F
1-2: Ground out 1-3 (Groundball, 25)
Batting: RHB Rafael Najcrea 0-0: Ball
1-0: Swinging Strike
1-1: Swinging Strike
1-2: Foul Ball, location: 2F
1-2: Strikes out swinging
Batting: RHB Michael Hart 0-0: Swinging Strike
0-1: Ball
1-1: Ball
2-1: Called Strike
2-2: Ball
3-2: Base on Balls
Batting: RHB Jim Allen 0-0: Foul Ball, location: 2F
0-1: Called Strike
0-2: Strikes out swinging
Bottom of the 13th over - 0 run(s), 0 hit(s), 0 error(s), 1 left on base; Wilmington 6 - Sunset District 3
This league is powered by Out of the Park Baseball, the baseball management simulation game for PC, Mac and Linux
Friday, January 22nd, 2016 - OOTP Baseball 16.9 Build 39